 Dungeon Crawl Stone Soup version 0.19-a0-1886-gd64a0f0 (webtiles) character file.

37 sugabear the Cutter (level 3, -1/18 HPs)
             Began as a Vine Stalker Gladiator on Oct 16, 2016.
             Succumbed to a worker ant's poison
             ... on level 4 of the Dungeon.
             The game lasted 00:01:13 (1045 turns).

sugabear the Cutter (Vine Stalker Gladiator)        Turns: 1045, Time: 00:01:14

Health: -1/18      AC:  4    Str: 18    XL:     3   Next: 41%
Magic:  1/4        EV: 13    Int:  8    God:
Gold:   32         SH:  0    Dex: 14    Spells: 0 memorised, 2 levels left

rFire  . . .     SeeInvis .     a - +0 rapier
rCold  . . .     Gourm    .     b - +0 leather armour
rNeg   . . .     Faith    .     (no shield)
rPois  .         Spirit   +     c - +0 helmet
rElec  .         Dismiss  .     (no cloak)
rCorr  .         Reflect  .     (no gloves)
MR     .....     Harm     .     (no boots)
Stlth  +.........               (no amulet)
                                (no ring)
                                (no ring)

@: lethally poisoned (-1 -> -26)
A: fangs 2, magic shield, antimagic bite, no device heal 3, rot immunity
a: no special abilities


You were on level 4 of the Dungeon.
You were not hungry.

You visited 1 branch of the dungeon, and saw 3 of its levels.

You collected 32 gold pieces.

Inventory:

Hand Weapons
 a - a +0 rapier (weapon)
Missiles
 d - 2 throwing nets (quivered)
Armour
 b - a +0 leather armour (worn)
 c - a +0 helmet (worn)
Jewellery
 p - a cursed ring of loudness {unknown}
Scrolls
 e - a scroll of teleportation {unknown}
 h - a scroll of enchant weapon {unknown}
 i - 2 scrolls of magic mapping {unknown}
 j - 2 scrolls of identify {unknown}
 l - a scroll of recharging {unknown}
 m - a scroll of enchant armour {unknown}
 n - a scroll of remove curse {unknown}
Comestibles
 f - 2 bread rations
 g - 2 meat rations
 o - a beef jerky


   Skills:
 + Level 1.7 Fighting
 + Level 3.2 Short Blades
 + Level 2.0 Throwing
 + Level 0.5 Armour
 + Level 2.8 Dodging


You had 2 spell levels left.
You didn't know any spells.

Dungeon Overview and Level Annotations

Branches:
Dungeon (2/15)

Altars:


Innate Abilities, Weirdness & Mutations

You have extremely sharp teeth.
When hurt, damage is shared between your health and your magic reserves.
Your bite disrupts and absorbs the magic of your enemies.
Potions and wands cannot restore your health.
You are immune to rotting.


Message History

You hit the worker ant.
You bite the worker ant, but do no damage.
The worker ant is moderately wounded.
* * * LOW HITPOINT WARNING * * *
You feel sick. The worker ant bites you.
* * * LOW HITPOINT WARNING * * *
You are too injured to fight recklessly!
You are too injured to fight recklessly!
Unknown command.
Throwing (i - inventory):
d - 3 throwing nets (quivered)
Press: ? - help, Shift-Dir - straight line, f - worker ant
Aim: a worker ant (moderately wounded)
You throw a throwing net. The throwing net hits the worker ant.
The worker ant is caught in the net!
The worker ant is moderately wounded.
* * * LOW HITPOINT WARNING * * *
You feel sick.
The worker ant struggles against the net.
It was a potion of heal wounds.
That seemed strangely inert.
You die...

........#
........#
........#########
................#
##+#####........#
.......#........#
.......#........#
................#
.....##@##......#
... #.#a##.....+
. #.# ..#.....#
#. #.#.....# # [#
.### ##


You could see a worker ant (caught).

Vanquished Creatures
  An ooze (D:2)
  A dart slug (D:1)
  A leopard gecko (D:1)
  4 bats
  2 giant cockroaches (D:1)
  3 goblins
  2 hobgoblins (D:1)
  4 jackals (D:1)
  2 frilled lizards (D:1)
  A kobold (D:1)
  8 rats
29 creatures vanquished.

Notes
Turn   | Place    | Note
-------+----------+-------------------------------------------
     0 | D:1      | sugabear the Vine Stalker Gladiator began the quest for the Orb.
     0 | D:1      | Reached XP level 1. HP: 11/11 MP: 2/2
   132 | D:1      | Reached skill level 3 in Short Blades
   132 | D:1      | Reached XP level 2. HP: 15/15 MP: 3/3
   414 | D:1      | Reached XP level 3. HP: 6/18 MP: 4/4
  1030 | D:2      | You fall through a shaft for 2 floors!
  1045 | D:4      | Succumbed to a worker ant's poison

Vault maps used:
D:1:      tarquinn_simple_flora_water_e
D:2:      lemuel_crystal_altar, okawaru_trees_1, uniq_natasha
D:4:      marbit_many_paths, minivault_24, grunt_decor_resistance

Skill      XL: |  1  2 |
---------------+-------+-----
Short Blades   | 3 |  3.2
Throwing       | 2 |  2.0
Fighting       | |  1.7
Armour         | |  0.5
Dodging        | |  2.8

Action                   || total
-------------------------++-------
Melee: Rapier            ||    69
       Bite              ||    17
Throw: Throwing net      ||     1
  Use: Potion            ||     1
 Stab: Sleeping          ||     1
Armor: Leather armour    ||    30
Dodge: Dodged            ||    55
